AoeStats
← AOKI_GworK

Arabian Desert

510478953Analyzed
1v1 RM · 17h ago on Oct 1, 2026· 33m 39s· 2 players
Game mode
Random Map
Map size
Tiny (2 player)
Population
200
Speed
Normal
Resources
Standard
Victory
Conquest
Starting age
Dark Age
Ending age
Imperial Age
RankedLock teamsTeams togetherTeam positionsShared explorationLock speedFull tech treeHidden civsTurbo modeCheats
Victory
Defeat
🇹🇷 Gurjaras · Türkiye
1833
+16
🇫🇷 Khitans · France
1830
-16
AOKI_GworK
9:18 Loom
11:39 Feudal Age
12:12 Double-Bit Axe
12:16 Domestication
16:18 Wheelbarrow
16:23 Forging
17:15 Scale Barding Armor
23:02 Castle Age
22:03 Fletching
22:14 Gold Mining
23:29 Padded Archer Armor
24:08 Bow Saw
24:07 Bodkin Arrow
24:50 Husbandry
27:46 Leather Archer Armor
27:18 Elite Skirmisher
AC
6:05 Loom
8:23 Feudal Age
9:09 Double-Bit Axe
9:34 Horse Collar
15:54 Forging
16:33 Scale Barding Armor
22:01 Castle Age
20:36 Gold Mining
21:24 Fletching
21:35 Padded Archer Armor
22:31 Bloodlines
23:00 Bow Saw
24:02 Heavy Plow
25:04 Bodkin Arrow
28:09 Leather Archer Armor
29:10 Wheelbarrow
28:20 Town Watch
30:00 Husbandry
30:55 Chain Barding Armor
32:43 Hand Cart
33:27 Iron Casting
Connection lost

Rejoining the realm…

Still unreachable

The connection could not be restored.

Session expired

The server has moved on; the page needs a fresh start.